 Dungeon Crawl Stone Soup version 0.19-a0-1568-gdd01aac (webtiles) character file.

611 dvd the Stinger (level 7, -4/42 HPs)
             Began as an Octopode Venom Mage on Sept 15, 2016.
             Slain by a sky beast (6 damage)
             ... on level 4 of the Dungeon.
             The game lasted 00:13:05 (4810 turns).

dvd the Stinger (Octopode Venom Mage)               Turns: 4810, Time: 00:13:05

Health: -4/42      AC:  1    Str:  8    XL:     7   Next: 43%
Magic:  9/13       EV: 13    Int: 19    God:
Gold:   182        SH:  0    Dex: 12    Spells: 2 memorised, 9 levels left

rFire  . . .     SeeInvis .     y - +2 dagger (chaos)
rCold  . . .     Gourm    .     (no shield)
rNeg   . . .     Faith    .     (helmet restricted)
rPois  .         Spirit   .     (no amulet)
rElec  .         Dismiss  .     (no ring)
rCorr  .         Reflect  .     (no ring)
MR     .....     Harm     .     (no ring)
Stlth  ++++......               (no ring)
                                (no ring)
                                (no ring)
                                (no ring)
                                (no ring)

@: radiating poison
A: almost no armour, stealthy swim, amphibious, 8 rings, constrict 8, camouflage
1, gelatinous body 1
a: no special abilities


You were on level 4 of the Dungeon.
You were not hungry.

You visited 1 branch of the dungeon, and saw 4 of its levels.
You also visited: Sewer.

You collected 182 gold pieces.

Inventory:

Hand Weapons
 a - a +0 falchion
 p - a +0 mace
 x - a +0 dagger
 y - a +2 dagger of chaos (weapon)
 z - a +0 war axe
 A - a +0 short sword
Jewellery
 i - an uncursed ring of ice
Wands
 r - a wand of enslavement (8/24)
Scrolls
 d - 3 scrolls of enchant armour {unknown}
 e - 3 scrolls of teleportation {unknown}
 f - a scroll of fog {unknown}
 k - 3 scrolls of identify {unknown}
 m - a scroll of immolation {unknown}
 o - 3 scrolls of blinking {unknown}
 q - a scroll of magic mapping {unknown}
 s - a scroll of fear {unknown}
 v - 3 scrolls of amnesia {unknown}
 w - a scroll of remove curse
Potions
 h - a potion of brilliance {unknown}
 j - a potion of mutation {unknown}
 t - a potion of heal wounds {unknown}
 u - a potion of curing {unknown}
Books
 g - a Young Poisoner's Handbook

   Spells                             Type                      Level
   a - Sting                          Conjuration/Poison           1
   b - Mephitic Cloud                 Conjuration/Poison/Air       3
   c - Olgreb's Toxic Radiance        Poison                       4
   d - Alistair's Intoxication        Transmutation/Poison         5
   e - Venom Bolt                     Conjuration/Poison           5
Comestibles
 b - 3 bread rations
 c - 5 meat rations
 l - a royal jelly
 n - a slice of pizza
 B - a chunk of flesh


   Skills:
 + Level 0.8 Fighting
 + Level 1.4 Long Blades
 + Level 0.6 Maces & Flails
 + Level 2.4 Dodging
 + Level 4.3 Stealth
 + Level 4.1 Spellcasting
 + Level 2.4 Conjurations
 + Level 7.4 Poison Magic


You had 9 spell levels left.
You knew the following spells:

 Your Spells              Type           Power        Failure   Level  Hunger
a - Sting                 Conj/Pois      ###.         1%          1    None
b - Olgreb's Toxic Radia  Pois           ####....     10%         4    ####...


Dungeon Overview and Level Annotations

Branches:
Dungeon (4/15)
 Temple: D:4-7

Altars:
Gozag
Makhleb
Sif Muna
Trog
Xom


Innate Abilities, Weirdness & Mutations

You cannot wear most types of armour.
You are very stealthy in the water.
You are amphibious.
You can wear up to eight rings at the same time.
You can use your tentacles to constrict eight enemies at once.
Your skin changes colour to match your surroundings (Stealth+).
Your rubbery body absorbs attacks. (AC +1, EV +1)


Message History

The sky beast is heavily wounded.
The sky beast flickers out of sight!
Deactivating autopickup; reactivate with Ctrl-A.
Something hits you. Something shocks you.
You miss something. Something hits you.
* * * LOW HITPOINT WARNING * * *
Something shocks you.
* * * LOW HITPOINT WARNING * * *
Unknown command.
Okay, then.
Unknown command.
Casting: Olgreb's Toxic Radiance
Confirm with . or Enter, or press ? or * to list all spells.
You can't see any susceptible monsters within range! (Use Z to cast anyway.)
Casting: Olgreb's Toxic Radiance
Confirm with . or Enter, or press ? or * to list all spells.
You begin to radiate toxic energy.
Something hits you.
* * * LOW HITPOINT WARNING * * *
Something shocks you.
You die...

####.# #######
#...# ####....#
#...# #.......#
#_._# #.##.##.#
#####
#.##.#####
#....>...#
##.#..##.#
#.###.#..##.##
#....{@........
#####.#####.###
#. # ##


There were no monsters in sight!

Vanquished Creatures
  5 big kobolds (Sewer)
  A crimson imp (D:4)
  A worker ant (D:4)
  The ghost of jacquesderrida the Sneak, a weakling VSWn (D:3)
  Robin (D:2)
  6 adders
  A river rat (Sewer)
  A shadow imp (D:3)
  3 oozes (Sewer)
  6 worms
  A dart slug (D:1)
  2 leopard geckos (D:3)
  5 orcs
  5 bats
  8 giant cockroaches
  8 goblins
  8 hobgoblins
  2 jackals (D:2)
  A quokka (D:3)
  8 ball pythons
  2 frilled lizards
  8 kobolds
  11 rats
95 creatures vanquished.

Notes
Turn   | Place    | Note
-------+----------+-------------------------------------------
     0 | D:1      | dvd the Octopode Venom Mage began the quest for the Orb.
     0 | D:1      | Reached XP level 1. HP: 11/11 MP: 3/3
   176 | D:1      | Reached skill level 5 in Poison Magic
   548 | D:1      | Reached XP level 2. HP: 16/17 MP: 3/5
   842 | D:2      | Noticed Robin
  1128 | D:2      | Reached XP level 3. HP: 16/21 MP: 1/6
  1779 | D:2      | Killed Robin
  1931 | D:2      | Reached skill level 6 in Poison Magic
  2342 | D:3      | Reached skill level 1 in Conjurations
  2374 | D:3      | Reached XP level 4. HP: 25/27 MP: 5/7
  2383 | D:3      | Learned a level 4 spell: Olgreb's Toxic Radiance
  2389 | D:3      | Found a glowing drain.
  2432 | Sewer    | Entered a sewer
  2492 | Sewer    | Noticed a big kobold
  2518 | Sewer    | Killed a big kobold
  2518 | Sewer    | Reached XP level 5. HP: 20/31 MP: 0/9
  2740 | Sewer    | Noticed a big kobold
  2750 | Sewer    | Killed a big kobold
  2750 | Sewer    | Reached skill level 1 in Long Blades
  2765 | Sewer    | Noticed a big kobold
  2774 | Sewer    | Killed a big kobold
  2774 | Sewer    | Reached XP level 6. HP: 27/37 MP: 0/10
  3238 | Sewer    | Reached skill level 7 in Poison Magic
  3238 | Sewer    | Reached XP level 7. HP: 35/42 MP: 4/13
  3492 | D:3      | Found a deep blue altar of Sif Muna.
  3702 | D:3      | Noticed jacquesderrida's ghost (weakling VSWn)
  3719 | D:3      | Killed jacquesderrida's ghost
  4074 | D:3      | Found a bloodstained altar of Trog.
  4076 | D:3      | Found an opulent altar of Gozag.
  4736 | D:4      | Found a shimmering altar of Xom.
  4736 | D:4      | Found a burning altar of Makhleb.
  4810 | D:4      | HP: 2/42 [something (2)]
  4810 | D:4      | Slain by a sky beast

Vault maps used:
D:1:      kilobyte_arrival_exit_the_forest
D:2:      uniq_robin
D:3:      nicolae_overflow_hidden_temple, portal_sewer_entry_b,
          lemuel_statue_altar
D:4:      grunt_temple_overflow_champion_of_chaos, kennysheep_another_room
Sewer:    sewer_co_tree

Skill      XL: |  1  2  3  4  5  6 |
---------------+-------------------+-----
Poison Magic   | 5 6 7 |  7.4
Stealth        | 3 4 |  4.3
Conjurations   | 1 2 |  2.4
Long Blades    | 1 |  1.4
Spellcasting   | 3 4 |  4.1
Fighting       | |  0.8
Maces & Flails | |  0.6
Dodging        | |  2.4

Action                   |  1- 3 |  4- 6 |  7- 9 || total
-------------------------+-------+-------+-------++-------
Melee: Short sword       |     9 |       |       ||     9
       Constrict         |     8 |     7 |    12 ||    27
       Tentacles         |     4 |     8 |     6 ||    18
       Mace              |     9 |       |       ||     9
       Falchion          |    15 |    43 |    69 ||   127
       Dagger            |       |       |     5 ||     5
 Cast: Sting             |    44 |    12 |     6 ||    62
       Olgreb's Toxic Ra |       |    14 |    14 ||    28
  Use: Scroll            |     2 |       |     1 ||     3
 Stab: Sleeping          |     2 |     2 |     6 ||    10
       Distracted        |       |       |     1 ||     1
  Eat: Chunk             |     4 |     6 |     8 ||    18
Armor: Skin              |     2 |     2 |     4 ||     8
Dodge: Dodged            |    19 |    25 |    43 ||    87
